Cogmind - Beta 16 @@@ ROGUE MODE // 2025.10.30 @ 16:50:37 Player: Lazz Result: Destroyed by Y0-EHE(R) with Subdweller Machine Gun Performance ------------- Evolutions (0) 0 Regions Visited (3) 600 Robots Destroyed (15) 75 Value Destroyed (348) 348 Prototype IDs (0) 0 Alien Tech Used (0) 0 Bonus (0) 0 TOTAL SCORE: 1023 Bonus ------- None Cogmind --------- Core Integrity 0/250 Matter 189/300 Energy 97/100 System Corruption 7% Temperature Cool (0) Movement Core (100) Ox1 Location -10/Subcaves Parts ------- > --- POWER (1) -------- (None) > --- PROPULSION (2) --- (None) > --- UTILITY (2) ------ Small Storage Unit > --- WEAPON (2) ------- Small Laser > --- INVENTORY (8) ---- Light Ion Engine Heat Sink Small Laser Mining Claw Peak State ------------ > --- POWER ------------ Ion Engine > --- PROPULSION ------- Light Treads Light Treads > --- UTILITY ---------- Heat Sink Small Storage Unit > --- WEAPON ----------- Small Laser Particle Gun > --- INVENTORY -------- Ion Engine EM Pulse Gun Small Laser [Rating: 8] Favorites ----------- Power Ion Engine Engine Ion Engine Propulsion Light Treads Treads Light Treads Leg Aluminum Leg Utility Small Storage Unit Device Sensor Array Storage Small Storage Unit Weapon Small Laser Energy Gun Small Laser Launcher Grenade Launcher Special Weapon Mining Laser Slashing Weapon Mining Claw Build | -11 -10 -10 -10 ------- Run | Yrd Mat Min Sub Slots Evolved . | . . . . Power . | . . . . Propulsion . | . . . . Utility . | . . . . Weapon . | . . . . Parts Attached 20 | 7 12 1 . Power 3 | 1 2 . . Engine 3 | 1 2 . . Core . | . . . . Reactor . | . . . . Propulsion 6 | 2 3 1 . Treads 4 | . 3 1 . Leg 2 | 2 . . . Wheel . | . . . . Hover . | . . . . Flight . | . . . . Utility 3 | 1 2 . . Device 2 | . 2 . . Storage 1 | 1 . . . Processor . | . . . . Hackware . | . . . . Protection . | . . . . Artifact . | . . . . Weapon 8 | 3 5 . . Energy Gun 5 | 3 2 . . Energy Cannon . | . . . . Ballistic Gun . | . . . . Ballistic Cannon . | . . . . Launcher 1 | . 1 . . Special Weapon 1 | . 1 . . Impact Weapon . | . . . . Slashing Weapon 1 | . 1 . . Piercing Weapon . | . . . . Special Melee Weapon . | . . . . Unidentified Prototypes . | . . . . Parts Lost 11 | . 4 1 6 Power 2 | . . 1 1 Propulsion 4 | . 2 . 2 Utility 1 | . . . 1 Weapon 4 | . 2 . 2 Highest Loss Streak 6 | . 2 1 6 To Critical Strikes 1 | . . . 1 Average Backups 4 | 2 4 5 4 Power 1 | . 1 1 1 Propulsion . | . . . . Utility . | . . 1 1 Weapon 2 | . 2 3 2 Tool/Special . | . . . . Unused Backups 1 | . . . 1 Power 1 | . . . 1 Propulsion . | . . . . Utility . | . . . . Weapon . | . . . . Tool/Special . | . . . . Average Slot Usage (%) 93 | . 91 97 91 Engine 13 | . 14 13 11 Treads 22 | . 20 26 28 Leg 2 | . 4 . . Device 11 | . 10 14 11 Storage 14 | . 14 14 14 Energy Gun 23 | . 22 27 16 Slashing Weapon 1 | . 2 . . Peak Build Rating 8 | 6 8 8 7 Average Rating 6 | 3 7 7 5 On Entrance 4 | . 6 6 7 Avg Prop Armor Cover (%) . | . . . . Naked Turns . | . . . . Heaviest Build 16 | 12 15 16 14 Greatest Support 40 | 20 40 40 40 Greatest Overweight (x) 3 | 3 . . . Average Overweight (x) . | . . . . Largest Inventory Capacity 8 | 8 8 8 8 Average Capacity 7 | 7 8 8 8 Most Carried 8 | 4 8 8 5 Average Carried 4 | 2 4 5 4 Final Capacity 8 | 8 8 8 8 Final Carried 8 | 4 8 5 4 Class Distribution -------------------- 100% | Mutant Dominant Class ---------------- Mutant | -10/Materials Mutant | -10/Mines Mutant | -10/Subcaves Resources | -11 -10 -10 -10 ----------- Run | Yrd Mat Min Sub Matter Collected 399 | 232 92 75 . Remotely . | . . . . Salvage Created 324 | . 242 82 . Parts 25 | . 22 3 . Haulers Intercepted 2 | . 2 . . Recyclers Shooed . | . . . . Parts Field Recycled . | . . . . Retrieved Matter . | . . . . Parts Self-Destructed 2 | . . . 2 Prevented . | . . . . Parts Restored . | . . . . Kills | -11 -10 -10 -10 ------- Run | Yrd Mat Min Sub Combat Hostiles Destroyed 11 | . 9 2 . Guns 5 | . 4 1 . AOE 6 | . 5 1 . Classes Destroyed 5 | . 5 . . Worker 1 | . 1 . . Builder 1 | . 1 . . Hauler 2 | . 2 . . Swarmer 3 | . 3 . . Grunt 8 | . 6 2 . Best Kill Streak 10 | . 10 2 . Combat Bots Only 7 | . 7 2 . Max Kills in Single Turn 4 | . 4 1 . Gunslinging . | . . . . Exploded 3 | . 3 1 . Melee . | . . . . Uniques/NPCs Destroyed . | . . . . Combat | -11 -10 -10 -10 -------- Run | Yrd Mat Min Sub Hostile Shots Fired 98 | . 60 12 26 Missed 18 | . 11 2 5 Hits 80 | . 49 10 21 Projectile 80 | . 49 10 21 Critical Strikes 4 | . 1 1 2 Damage Taken 1684 | . 1110 138 436 Core 263 | . 131 42 90 Absorbed by Shields . | . . . . Core Remaining (%) 100 | 100 . . . Volleys Fired 46 | . 28 6 12 Largest 2 | . 2 2 2 Hottest 105 | . 105 105 100 Shots Fired 76 | . 51 12 13 Gun 65 | . 42 12 11 Cannon . | . . . . Launcher 9 | . 9 . . Special 2 | . . . 2 Kinetic . | . . . . Thermal 60 | . 42 6 12 Explosive 9 | . 9 . . Electromagnetic 7 | . . 6 1 Robot Hit Streak 11 | . 9 6 11 Robot Miss Streak 3 | . 3 1 2 Penetration Max . | . . . . Secondary Targets . | . . . . Shots Hit Robots 50 | . 34 6 10 Core Hits 30 | . 26 3 1 Critical Kills . | . . . . Critical Parts Destroyed . | . . . . Critical Strikes . | . . . . Melee Attacks 6 | . 6 . . Impact . | . . . . Slashing 6 | . 6 . . Piercing . | . . . . Sneak Attacks . | . . . . Combat Hostiles . | . . . . Follow-up Attacks . | . . . . Damage Inflicted 1344 | . 991 223 130 Guns 523 | . 331 86 106 Cannons . | . . . . Explosions 797 | . 660 137 . Melee . | . . . . Ramming . | . . . . Kinetic . | . . . . Thermal 634 | . 331 184 119 Explosive 660 | . 660 . . Electromagnetic 50 | . . 39 11 Impact . | . . . . Slashing . | . . . . Piercing . | . . . . Highest Corruption 7 | . 7 7 7 Average Corruption 7 | . 7 7 7 Corruption Purged . | . . . . Corruption Blocked . | . . . . Effects 11 | . 3 7 1 Message Errors 2 | . 1 1 . Matter Fused 2 | . 1 1 . Heat Flow Errors 1 | . . 1 . Energy Discharges 3 | . . 3 . Data Loss (minor) 3 | . 1 1 1 Overload Shots . | . . . . Overflow Damage 16 | . 12 4 . Projectiles . | . . . . Explosions 16 | . 12 4 . Melee . | . . . . Knockbacks . | . . . . Impact . | . . . . Kinetic . | . . . . Secondary . | . . . . Self-Inflicted Damage 152 | . 152 . . Shots 6 | . 6 . . Rammed . | . . . . Targets Rammed . | . . . . Kicked . | . . . . Crushed . | . . . . Highest Temperature 345 | . 345 329 . Average Temperature 150 | . 148 156 . Received Heat Transfer 492 | . 333 99 60 Effects 2 | . 2 . . Interference 2 | . 2 . . Siege Activations . | . . . . Martial Activations . | . . . . Shielding Activations . | . . . . Robots Disrupted . | . . . . Combat Hostiles . | . . . . Robots Corrupted . | . . . . Combat Hostiles . | . . . . Parts Fried . | . . . . Impact Corruptions . | . . . . Robots Melted . | . . . . Combat Hostiles . | . . . . Parts Melted 2 | . 1 1 . Heat Transferred 1295 | . 759 261 275 Parts Sabotaged . | . . . . Parts Stolen . | . . . . Parts Stripped . | . . . . Power Chain Reactions 1 | . . 1 . Alert | -11 -10 -10 -10 ------- Run | Yrd Mat Min Sub Maximum Alert Level . | . . . . Low Security (%) 100 | 100 100 100 . Level 1 . | . . . . Level 2 . | . . . . Level 3 . | . . . . Level 4 . | . . . . Level 5 . | . . . . High Security . | . . . . Max Security . | . . . . Peak Influence 181 | . 181 107 . Initial 40 | . . 40 . Average 53 | . 68 47 . Influence Increases 397 | . 320 77 . Destroy 0b10 Robot/C 220 | . 180 40 . Destroy 0b10 Robot/NC 20 | . 20 . . Destroy Leader 44 | . 34 10 . Successful Hack 21 | . 21 . . Select Force Hacks 30 | . 30 . . Disable Machine 15 | . . 15 . Destroy Structure 47 | . 35 12 . Influence Decreases 397 | . 215 182 . Entered New Map 65 | . . 65 . Time Decay 292 | . 185 107 . Lost Part 40 | . 30 10 . Squads Dispatched 2 | . 2 . . Investigation 2 | . 2 . . Extermination . | . . . . Reinforcement . | . . . . Assault . | . . . . Garrison . | . . . . Intercept . | . . . . Searches Triggered . | . . . . Construction Impeded . | . . . . Haulers Reinforced . | . . . . Active Scanning Responses . | . . . . Cargo Convoy Interrupts . | . . . . Stealth | -11 -10 -10 -10 --------- Run | Yrd Mat Min Sub Distress Signals 1 | . 1 . . Communications Jammed . | . . . . Distress Signals . | . . . . Times Spotted 19 | . 15 2 2 Peak Tracking Total 6 | . 6 2 2 Tactical Retreats . | . . . . Traps | -11 -10 -10 -10 ------- Run | Yrd Mat Min Sub Traps Triggered . | . . . . Indirectly . | . . . . Trap Hack Attempts . | . . . . Triggered . | . . . . Disarmed . | . . . . Reprogrammed . | . . . . Reused . | . . . . Traps Extracted . | . . . . Installed . | . . . . Triggered . | . . . . Machines | -11 -10 -10 -10 ---------- Run | Yrd Mat Min Sub Machines Disabled 2 | . 1 1 . Max in Single Turn 1 | . 1 1 . Machines Repaired . | . . . . Machines Dismantled . | . . . . Machines Sabotaged . | . . . . Overloaded Fab Kills . | . . . . Hacking | -11 -10 -10 -10 --------- Run | Yrd Mat Min Sub Machines Accessed 2 | . 2 . . Terminals 1 | . 1 . . Fabricators . | . . . . Repair Stations . | . . . . Recycling Units 1 | . 1 . . Scanalyzers . | . . . . Garrison Access . | . . . . Total Hacks 12 | . 12 . . Successful 9 | . 9 . . Failed 3 | . 3 . . Catastrophic 1 | . 1 . . Database Lockouts . | . . . . Manual 8 | . 8 . . Terminals 7 | . 7 . . Fabricators . | . . . . Repair Stations . | . . . . Recycling Units 5 | . 5 . . Scanalyzers . | . . . . Garrison Access . | . . . . Terminal Hacks 4 | . 4 . . Record 2 | . 2 . . Branch Access Points 1 | . 1 . . Coupling Status 1 | . 1 . . Fabricator Hacks . | . . . . Repair Station Hacks . | . . . . Recycling Unit Hacks . | . . . . Scanalyzer . | . . . . Garrison Access Hacks . | . . . . Unauthorized Hacks 1 | . 1 . . Terminals . | . . . . Fabricators . | . . . . Repair Stations . | . . . . Recycling Units 1 | . 1 . . Tunnel 1 | . 1 . . Scanalyzers . | . . . . Garrison Access . | . . . . Data Cores Recovered . | . . . . Used . | . . . . Hacking Detections 2 | . 2 . . Full Trace Events 1 | . 1 . . Feedback Events . | . . . . Feedback Blocked . | . . . . Robot Schematics Acquired . | . . . . Robots Built . | . . . . Authchips . | . . . . Time . | . . . . Total Robot Build Rating . | . . . . Part Schematics Acquired . | . . . . Parts Built . | . . . . Authchips . | . . . . Time . | . . . . Total Part Build Rating . | . . . . Part Studies Acquired . | . . . . Parts Repaired . | . . . . Time . | . . . . Parts Recycled . | . . . . Recycled Matter . | . . . . Retrieved Matter . | . . . . Retrieved Components . | . . . . Parts Scanalyzed . | . . . . Part Schematics Acquired . | . . . . Parts Damaged . | . . . . Bothacking | -11 -10 -10 -10 ------------ Run | Yrd Mat Min Sub Used RIF Installer . | . . . . Robots Hacked . | . . . . Non-combat . | . . . . Combat . | . . . . Robot Hacks Applied . | . . . . Relay Couplers Released . | . . . . Fabnet Peak Effective % . | . . . . Robots Rewired . | . . . . Allies Hacked . | . . . . Hacks Repelled . | . . . . Allies | -11 -10 -10 -10 -------- Run | Yrd Mat Min Sub Total Allies . | . . . . Largest Group . | . . . . Highest-Rated Group . | . . . . Highest-Rated Ally . | . . . . Total Orders . | . . . . Ally Attacks . | . . . . Total Damage . | . . . . Kills . | . . . . Allies Corrupted . | . . . . Allies Melted . | . . . . Intel | -11 -10 -10 -10 ------- Run | Yrd Mat Min Sub Active Infowar (turns) 551 | . 277 239 35 Sensors 551 | . 277 239 35 Robot Analysis Total . | . . . . Derelict Logs Recovered . | . . . . Drone Launches . | . . . . Drone Recoveries . | . . . . Exploration | -11 -10 -10 -10 ------------- Run | Yrd Mat Min Sub Turns Passed 898 | 113 500 239 46 Spaces Moved 358 | 64 184 101 9 Core 16 | 16 . . . Treads 280 | . 170 101 9 Legs 62 | 48 14 . . Wheels . | . . . . Hover . | . . . . Flight . | . . . . Fastest Speed 50 | 50 120 160 160 Average Speed 153 | 133 156 160 160 Slowest Speed 200 | 200 160 160 160 Overloaded Moves . | . . . . Propulsion Burnouts . | . . . . Robots Hopped . | . . . . Potential Cave-ins 9 | . 9 . . Cave-ins Triggered 1 | . 1 . . Exploration Rate (%) 14 | 4 34 18 1 Regions Visited 3 Branch Regions 2 Pre-discovered Areas 1 | . 1 . . Known Exits Taken 1 | . 1 . . Unknown Exits Taken 2 | 1 . 1 . Scrap Searched . | . . . . Spaces Dug 5 | . 5 . . Terrain Destroyed 62 | . 50 12 . Melee 5 | . 5 . . Projectile . | . . . . AOE 57 | . 45 12 . Terrain Rammed . | . . . . Walls Destroyed . | . . . . Machines Disabled . | . . . . Actions | -11 -10 -10 -10 --------- Run | Yrd Mat Min Sub Total 608 | 88 330 166 24 Wait 162 | 14 93 54 1 Move 354 | 63 182 100 9 Hop . | . . . . Pick Up 7 | 4 3 . . Fast Attach 11 | 6 5 . . Attach 5 | . 2 2 1 Detach 2 | . 2 . . Swap 10 | 1 5 3 1 Drop 4 | . 3 1 . Fire 46 | . 28 6 12 Melee 6 | . 6 . . Ram . | . . . . Kick . | . . . . Crush . | . . . . Escape Stasis 1 | . 1 . . Rewire . | . . . . Trap . | . . . . Miscellaneous . | . . . . Route ------- -11/Scrapyard -10/Materials -10/Mines -10/Subcaves History --------- Turn | Location | Event 44 | -11/Scrapyard | Discovered new exit (range 16) 114 | -11/Scrapyard | Entered Materials 313 | -10/Materials | Build established: Mutant 431 | -10/Materials | Core integrity fell below 50% 454 | -10/Materials | Destroyed 7 combat bots 478 | -10/Materials | Identified exit to Mines 492 | -10/Materials | Crushed by falling debris 614 | -10/Materials | Entered Mines 798 | -10/Mines | Discovered new exit (range 5) 853 | -10/Mines | Entered Subcaves 894 | -10/Subcaves | Core integrity fell below 20% 899 | -10/Subcaves | Destroyed by Y0-EHE(R) with Subdweller Machine Gun Last Messages --------------- U-05 Engineer builds a Wall. T-07 Excavator is excavating. U-05 Engineer builds a Wall. 59 DLHHUX#VZ6ZPPIQOK| U-05 Engineer lays Concrete. U-05 Engineer builds a Wall. U-05 Engineer lays Concrete. LOCATION=UNKNOWN AMBIENT_HEAT=-10 GOAL=ESCAPE System corrupted: Component data lost. 9U-81D(z): "She is not going to be happy we haven't found any suitable candidates yet." Mining Laser destroyed. EM Pulse Gun destroyed. Ion Engine destroyed. Sensor Array destroyed. Lgt. Treads destroyed. Critical hit (Destroy). Lgt. Treads destroyed. Map ----- +----------------------------------------------------+ | ?????????????????????????????????????????????????? | | ?????????????????????????????????????????????????? | | ?????????????????????????????????????????????????? | | ?????????????????????????????????????????????????? | | ?????????????????????????????????????????????????? | | ?????????????????????????????????????????????????? | | ??????????????????????????#??????????????????????? | | ????????????????????????? ??????????????????????? | | ????????????????????????? ??????????????????????? | | ????????????????????????? ??????????????????????? | | ?????????????????????????# ?????????????????????? | | ?????????????????????????# ?????????????????????? | | ?????????????????????????# ?????????????????????? | | ?????????????????????????# ?????????????????????? | | ?????????????????????????# ??##?????????????????? | | ?????????????????????????# ?? #?????????????????? | | ?????????????????????????? ## #?????????????????? | | ?????????????????????????? ?????????????????? | | ??????????????????????????? ??????????????????? | | ??????????????????????????? ???????????????????? | | ???????????????????????????# #???????????????????? | | ??????????????????????????## ##??????????????????? | | ??????????????????????????# #??????????????????? | | ??????????????????????????# #??????????????????? | | ????????????????????????### #??????????????????? | | ????????????????????????#@R #??????????????????? | | ????????????????????????# R #??????????????????? | | ????????????????????????# ???????????????? | | ????????????????????????#### ##??????????????? | | ???????????????????????????# #####???????????????? | | ????????????????????????????##???????????????????? | | ?????????????????????????????????????????????????? | | ?????????????????????????????????????????????????? | | ?????????????????????????????????????????????????? | | ?????????????????????????????????????????????????? | | ?????????????????????????????????????????????????? | | ?????????????????????????????????????????????????? | | ?????????????????????????????????????????????????? | | ?????????????????????????????????????????????????? | | ?????????????????????????????????????????????????? | | ?????????????????????????????????????????????????? | | ?????????????????????????????????????????????????? | | ?????????????????????????????????????????????????? | | ?????????????????????????????????????????????????? | | ?????????????????????????????????????????????????? | | ?????????????????????????????????????????????????? | | ?????????????????????????????????????????????????? | | ?????????????????????????????????????????????????? | | ?????????????????????????????????????????????????? | | ?????????????????????????????????????????????????? | +----------------------------------------------------+ Best States ------------- Heat Dissipation 35 Energy Generation 10 Energy Capacity 250 Matter Stores 290 Matter Capacity 300 Sight Range 16 Robot Scan Range 14 Terrain Scan Density 10 Evasion (%) 55 Recoil Reduction 2 Item Schematics ----------------- None Robot Schematics ------------------ None Fabricated ------------ Nothing Repaired ---------- Nothing Studied --------- None Alien Tech Used ----------------- None Achievements -------------- None Challenges ------------ None Game ------ Seed PotentialNeutronArmor Manual? 0 Play Time 00:11:55 Cumulative 32.3 hours Start 2025.10.30 @ 16:35:37 End 2025.10.30 @ 16:50:37 Sessions 1 Manual Loads 0 Difficulty Rogue Special Mode None Game No. 43 Rogue 43 Adventurer 0 Explorer 0 Win Type - Total 0 Types 0/0/0/0/0/0/0/0/0/0 Lore% 29 Gallery% 30 Achievement% 23 Wizard Run 0 Options --------- Layout 2 ASCII 0 Keyboard 0 Movement Mouse Keybinds 0 Fullscreen 1 Font 24/Smallcaps Map View 50x44 Zoom Use 0% Tactical HUD 0 Map Filters NONE Filters NONE Steam 1 RUN: 3d8c1709-8760-43ca-be65-abf94ac88a16